 Dungeon Crawl Stone Soup version 0.26.1-11-gd32895ea62 (webtiles) character file.

Game seed: 10777423892175274426

1975 jlumianski the Magician (level 9, -12/69 HPs)
             Began as a Gnoll Warper on June 20, 2021.
             Mangled by an orc warrior
             ... wielding a +0 halberd
              (19 damage)
             ... on level 7 of the Dungeon.
             The game lasted 00:37:35 (8184 turns).

jlumianski the Magician (Gnoll Warper)              Turns: 8184, Time: 00:37:36

Health: -12/69     AC: 15    Str: 13    XL:     9   Next: 20%
Magic:  16/18      EV: 15    Int: 17    God:
Gold:   332        SH:  0    Dex: 24    Spells: 11/21 levels left

rFire    . . .     SeeInvis .   x - +0 war axe
rCold    . . .     Faith    .   (no shield)
rNeg     . . .     Spirit   .   i - +2 ring mail {rC+}
rPois    .         Reflect  .   K - +2 helmet of the Big Bang {+Inv rC- Int-2 Dex+9}
rElec    .         Harm     .   P - +2 cloak
rCorr    +         Rampage  .   A - +0 pair of gloves
Will     .....                  (no boots)
Stlth    ++........             (no amulet)
HPRegen  0.21/turn              J - ring of resist corrosion
MPRegen  0.16/turn              q - ring of wizardry

@: no status effects
A: distributed training, fangs 1, strong nose
a: Evoke Invisibility


You were on level 7 of the Dungeon.
You visited 1 branch of the dungeon, and saw 7 of its levels.
You also visited: Ossuary.

You collected 332 gold pieces.

Inventory:

Hand Weapons
 a - a +0 hand axe
 t - a +0 hunting sling
 x - a +0 war axe (weapon)
 y - a +1 halberd of flaming
 G - a +4 short sword of electrocution
 L - a +3 falchion
 O - a +4 quarterstaff of chaos
Missiles
 e - 5 boomerangs of dispersal
 l - 3 boomerangs (quivered)
 p - 255 stones
 v - 45 poisoned darts
 B - a throwing net
 F - 6 javelins
 N - 18 sling bullets
Armour
 b - a +0 leather armour
 g - a +2 plate armour of poison resistance
 i - a +2 ring mail of cold resistance (worn)
 A - a +0 pair of gloves (worn)
 K - the +2 helmet of the Big Bang (worn) {+Inv rC- Int-2 Dex+9}
   (You found it on level 6 of the Dungeon)

   It affects your intelligence (-2).
   It affects your dexterity (+9).
   It makes you vulnerable to cold.
   It lets you turn invisible.
 P - a +2 cloak (worn)
Jewellery
 j - an uncursed ring of see invisible
 q - a ring of wizardry (right hand)
 J - a ring of resist corrosion (left hand)
Wands
 D - a wand of flame (30)
 E - a wand of acid (2)
Scrolls
 d - 2 scrolls of blinking
 f - 4 scrolls of remove curse
 k - 6 scrolls of identify
 w - 3 scrolls of teleportation
 H - a scroll of magic mapping
Potions
 c - a potion of haste
 h - 2 potions of flight
 m - a potion of mutation {unknown}
 n - a potion of heal wounds
 o - a potion of might {unknown}
 r - a potion of lignification {unknown}
 s - a potion of brilliance {unknown}
 u - 2 potions of curing
 z - a potion of cancellation {unknown}
 C - a potion of resistance {unknown}
 I - 3 potions of attraction
 M - a potion of ambrosia {unknown}


   Skills:
 + Level 6.1 Fighting
 + Level 4.0 Short Blades
 + Level 4.0 Long Blades
 + Level 6.1 Axes
 + Level 4.0 Maces & Flails
 + Level 4.0 Polearms
 + Level 4.0 Staves
 + Level 4.0 Slings
 + Level 4.0 Bows
 + Level 4.0 Crossbows
 + Level 4.8 Throwing
 + Level 4.8 Armour
 + Level 6.1 Dodging
 + Level 4.0 Stealth
 + Level 4.0 Shields
 + Level 4.0 Unarmed Combat
 + Level 6.5 Spellcasting
 + Level 3.3 Conjurations
 + Level 3.3 Hexes
 + Level 3.3 Summonings
 + Level 3.3 Necromancy
 + Level 6.4 Translocations
 + Level 3.3 Transmutations
 + Level 3.3 Fire Magic
 + Level 3.3 Ice Magic
 + Level 3.3 Air Magic
 + Level 3.3 Earth Magic
 + Level 3.3 Poison Magic
 + Level 4.4 Invocations
 + Level 4.0 Evocations


You had 11 spell levels left.
You knew the following spells:

 Your Spells              Type           Power        Failure   Level
a - Blink                 Tloc           N/A          1%          2
b - Gell's Gravitas       Tloc           13%          1%          3
c - Call Imp              Summ           16%          4%          2
d - Mephitic Cloud        Conj/Pois/Air  16%          8%          3

Your spell library contained the following spells:

 Spells                   Type           Power        Failure   Level
 Lesser Beckoning         Tloc           13%          1%          3
 Teleport Other           Tloc           27%          1%          3
 Magic Dart               Conj           64%          2%          1
 Slow                     Hex            16%          4%          2
 Passage of Golubria      Tloc           N/A          7%          4
 Conjure Flame            Conj/Fire      16%          8%          3


Dungeon Overview and Level Annotations

Branches:
Dungeon (7/15)            Ossuary (visited)
 Temple: D:4-7

Altars:
Hepliaklqana


Innate Abilities, Weirdness & Mutations

Your experience applies equally to all skills.
You have very sharp teeth.
Your uncanny sense of smell can sniff out nearby items.


Message History

You hit the orc warrior but do no damage.
The orc warrior is severely wounded.
The orc warrior barely misses you.
You barely miss the orc warrior.
The orc warrior is severely wounded.
The orc warrior hits you with a +0 halberd!!
* * * LOW HITPOINT WARNING * * *
You hit the orc warrior but do no damage.
The orc warrior is severely wounded.
The orc warrior hits you with a +0 halberd!
* * * LOW HITPOINT WARNING * * *
You hit the orc warrior but do no damage.
The orc warrior is severely wounded.
The orc warrior hits you with a +0 halberd.
* * * LOW HITPOINT WARNING * * *
Casting: Gell's Gravitas (safe; 1% risk of failure)
Confirm with . or Enter, or press ? or * to list all spells.
You blink.
The orc warrior hits you with a +0 halberd!!
You die...

####..# ....# ...##. ..
#.#....###....##...!. ...
................##..###...
.................#.#......
#........#.......|........
.........##..........#####
#.........###.........#
#.........###.(.....)## .
#......#..##?..@.....###.#
##...###..<..§o(.......?..
###............(.........
#.......>...............
#........##.##..........
####..............#.##..
#.......####....### ..
##...........#..#
##..##......##.#


You could see an orc warrior.

Vanquished Creatures
  Grinder (D:4)
  A water moccasin (D:6)
  A phantom (D:5)
  An orc warrior (D:6)
  2 ogres (D:6)
  2 centaurs (D:5)
  A bullfrog (D:6)
  4 water moccasin zombies (Ossuary)
  A scorpion (D:3)
  A centaur zombie (D:5)
  3 hounds
  A bullfrog skeleton (D:5)
  Crazy Yiuf (D:6)
  An orc priest (D:6)
  A gnoll shaman (D:6)
  2 iguanas
  2 orc wizards
  5 worker ants
  A killer bee zombie (D:6)
  A big kobold zombie (Ossuary)
  2 mummies (Ossuary)
  8 gnolls
  2 howler monkey skeletons (D:5)
  6 adders
  A shadow imp (D:7)
  A white imp (D:6)
  An ufetubus (D:6)
  An ooze (D:1)
  6 adder zombies (Ossuary)
  A worm (D:4)
  3 leopard geckos
  20 orcs
  3 giant cockroaches
  6 goblins
  8 hobgoblins
  6 jackals
  A quokka (D:6)
  A ball python (D:1)
  5 bats
  4 frilled lizards
  3 gnoll zombies (Ossuary)
  9 hobgoblin zombies (Ossuary)
  5 kobolds
  3 kobold zombies (Ossuary)
  A leopard gecko zombie (D:5)
  6 orc zombies (Ossuary)
  5 rats
151 creatures vanquished.

Vanquished Creatures (collateral kills)
  2 gnolls (D:4)
  A worm (D:4)
3 creatures vanquished.

Grand Total: 154 creatures vanquished

Notes
Turn   | Place    | Note
-------+----------+-------------------------------------------
     0 | D:1      | jlumianski the Gnoll Warper began the quest for the Orb.
     0 | D:1      | Reached XP level 1. HP: 20/20 MP: 6/6
   223 | D:1      | Reached XP level 2. HP: 22/26 MP: 7/7
   226 | D:1      | Learned a level 2 spell: Blink
   689 | D:1      | Reached XP level 3. HP: 31/31 MP: 9/9
   693 | D:1      | Learned a level 3 spell: Gell's Gravitas
   713 | D:1      | Reached skill level 5 in Spellcasting
  1020 | D:2      | Reached skill level 1 in Invocations
  1282 | D:2      | Reached skill level 1 in Short Blades
  1282 | D:2      | Reached skill level 1 in Long Blades
  1282 | D:2      | Reached skill level 1 in Maces & Flails
  1282 | D:2      | Reached skill level 1 in Polearms
  1282 | D:2      | Reached skill level 1 in Staves
  1282 | D:2      | Reached skill level 1 in Slings
  1282 | D:2      | Reached skill level 1 in Bows
  1282 | D:2      | Reached skill level 1 in Crossbows
  1282 | D:2      | Reached skill level 1 in Stealth
  1282 | D:2      | Reached skill level 1 in Shields
  1282 | D:2      | Reached skill level 1 in Unarmed Combat
  1282 | D:2      | Reached skill level 1 in Evocations
  1765 | D:3      | Reached XP level 4. HP: 35/38 MP: 11/11
  1950 | D:3      | Reached skill level 1 in Conjurations
  1950 | D:3      | Reached skill level 1 in Hexes
  1950 | D:3      | Reached skill level 1 in Summonings
  1950 | D:3      | Reached skill level 1 in Necromancy
  1950 | D:3      | Reached skill level 1 in Transmutations
  1950 | D:3      | Reached skill level 1 in Fire Magic
  1950 | D:3      | Reached skill level 1 in Ice Magic
  1950 | D:3      | Reached skill level 1 in Air Magic
  1950 | D:3      | Reached skill level 1 in Earth Magic
  1950 | D:3      | Reached skill level 1 in Poison Magic
  1950 | D:3      | Reached XP level 5. HP: 30/43 MP: 12/12
  2604 | D:3      | Reached XP level 6. HP: 13/50 MP: 4/13
  3226 | D:3      | Found a hazy altar of Hepliaklqana.
  3382 | D:4      | Reached skill level 5 in Fighting
  3382 | D:4      | Reached skill level 5 in Axes
  3382 | D:4      | Reached skill level 5 in Dodging
  3872 | D:4      | Learned a level 2 spell: Call Imp
  3939 | D:4      | HP: 2/51 [gnoll/+0 halberd (3)]
  4530 | D:5      | Entered Level 5 of the Dungeon
  4548 | D:5      | Noticed Grinder
  4549 | D:5      | Noticed a phantom
  4552 | D:5      | Noticed a phantom
  4570 | D:4      | Killed Grinder
  4571 | D:4      | Reached XP level 7. HP: 22/56 MP: 15/15
  5022 | D:5      | Found a sand-covered staircase.
  5026 | Ossuary  | Entered an ossuary
  5279 | Ossuary  | Reached XP level 8. HP: 57/63 MP: 7/16
  6284 | D:5      | Learned a level 3 spell: Mephitic Cloud
  6310 | D:6      | HP: 3/64 [killer bee zombie (7)]
  6635 | D:6      | Got an ancient helmet
  6641 | D:6      | Identified the +2 helmet of the Big Bang {+Inv rC- Int-2
                  | Dex+9} (You found it on level 6 of the Dungeon)
  7129 | D:6      | Reached XP level 9. HP: 47/69 MP: 18/18
  7573 | D:6      | Found a runed translucent door.
  7574 | D:6      | Noticed Crazy Yiuf
  7796 | D:6      | Killed Crazy Yiuf
  8184 | D:7      | Mangled by an orc warrior

Illustrated notes

Levels and vault maps discovered:
D:1:      kilobyte_arrival_exit_the_forest, layout_basic
D:2:      layout_basic, serial_glass, glass_columns_a, glass_columns_b
D:3:      layout_basic, nzn_hepliaklqana_mist_gate
D:4:      layout_loops_ring
D:5:      layout_cave_pools, enter_ossuary_5, uniq_grinder
D:6:      layout_basic, uniq_crazy_yiuf_cottage
D:7:      layout_cave_pools, minmay_temple_entry_slanted,
          kennysheep_generic_room_13, uniq_harold, uniq_menkaure

Skill      XL: |  1  2  3  4  5  6  7  8  9 |
---------------+----------------------------+-----
Spellcasting   | 5 6 |  6.5
Invocations    | 1 2 3 4 |  4.4
Short Blades   | 1 2 3 4 |  4.0
Long Blades    | 1 2 3 4 |  4.0
Maces & Flails | 1 2 3 4 |  4.0
Polearms       | 1 2 3 4 |  4.0
Staves         | 1 2 3 4 |  4.0
Slings         | 1 2 3 4 |  4.0
Bows           | 1 2 3 4 |  4.0
Crossbows      | 1 2 3 4 |  4.0
Stealth        | 1 2 3 4 |  4.0
Shields        | 1 2 3 4 |  4.0
Unarmed Combat | 1 2 3 4 |  4.0
Evocations     | 1 2 3 4 |  4.0
Conjurations   | 1 2 3 |  3.3
Hexes          | 1 2 3 |  3.3
Summonings     | 1 2 3 |  3.3
Necromancy     | 1 2 3 |  3.3
Transmutations | 1 2 3 |  3.3
Fire Magic     | 1 2 3 |  3.3
Ice Magic      | 1 2 3 |  3.3
Air Magic      | 1 2 3 |  3.3
Earth Magic    | 1 2 3 |  3.3
Poison Magic   | 1 2 3 |  3.3
Throwing       | 3 4 |  4.8
Armour         | 3 4 |  4.8
Fighting       | 5 6 |  6.1
Axes           | 5 6 |  6.1
Dodging        | 5 6 |  6.1
Translocations | 6 |  6.4

Action                   |  1- 3 |  4- 6 |  7- 9 || total
-------------------------+-------+-------+-------++-------
Melee: Hand axe          |   108 |    30 |       ||   138
       Bite              |     9 |     7 |    40 ||    56
       War axe           |       |    67 |   253 ||   320
       Punch             |       |       |     7 ||     7
 Fire: Hunting sling     |       |    31 |     9 ||    40
Throw: Stone             |    13 |       |       ||    13
       Dart              |       |    20 |    20 ||    40
       Javelin           |       |       |    15 ||    15
       Boomerang         |       |       |    11 ||    11
 Cast: Blink             |     2 |       |    15 ||    17
       Gell's Gravitas   |     1 |    14 |    22 ||    37
       Call Imp          |       |     3 |       ||     3
       Mephitic Cloud    |       |       |     7 ||     7
Evoke: Wand              |       |     1 |     6 ||     7
  Use: Scroll            |     1 |     8 |     2 ||    11
       Potion            |       |       |     7 ||     7
 Stab: Sleeping          |       |     2 |     2 ||     4
       Confused          |       |       |     6 ||     6
Armor: Leather armour    |     3 |       |       ||     3
       Ring mail         |    34 |    24 |   103 ||   161
Dodge: Dodged            |    61 |    86 |   190 ||   337
